 Dungeon Crawl Stone Soup version 0.17.1-2-g5865329 (webtiles) character file.

377 Metrazal the Ducker (level 6, -2/30 HPs)
             Began as a Spriggan Assassin on Jan 16, 2016.
             Slain by Menkaure (13 damage)
             ... on level 5 of the Dungeon.
             The game lasted 01:04:43 (5511 turns).

Metrazal the Ducker (Spriggan Assassin)             Turns: 5511, Time: 01:04:43

Health: -2/30      AC:  3    Str:  7    XL:     6   Next: 45%
Magic:  7/7        EV: 25    Int: 12    God:
Gold:   78         SH:  0    Dex: 20    Spells: 0 memorised, 5 levels left

rFire  . . .     SeeInvis +     a - +2 dagger
rCold  . . .     Clarity  .     c - +0 robe
rNeg   + . .     SustAt   .     (shield restricted)
rPois  .         Gourm    .     (helmet restricted)
rElec  .         Spirit   .     d - +0 cloak
rCorr  .         Warding  .     (gloves unavailable)
rMut   .         Stasis   .     (boots unavailable)
MR     ++...                    (no amulet)
Stlth  ++++......               q - ring of protection from magic
                                j - ring of positive energy

@: very quick, very resistant to hostile enchantments, stealthy
A: unfitting armour, see invisible, herbivore 3, speed 3, slow metabolism 2
a: no special abilities


You were on level 5 of the Dungeon.
You were not hungry.

You visited 1 branch of the dungeon, and saw 4 of its levels.

You collected 78 gold pieces.

Inventory:

Hand Weapons
 a - a +2 dagger (weapon)
 b - a +0 blowgun
 k - a +0 hunting sling
Missiles
 h - 44 stones (quivered)
 o - 6 tomahawks
 r - 18 bolts
Armour
 c - a +0 robe (worn)
 d - a +0 cloak (worn)
Jewellery
 j - a ring of positive energy (left hand)
 q - a ring of protection from magic (right hand)
Scrolls
 e - 4 scrolls of remove curse {unknown}
 i - 2 scrolls of identify {unknown}
 l - 3 scrolls of random uselessness {unknown}
 n - a scroll of enchant weapon {unknown}
 s - a scroll of blinking {unknown}
 t - a scroll of immolation {unknown}
Potions
 f - a potion of poison {unknown}
 m - 2 potions of flight {unknown}
 p - a potion of haste
Comestibles
 g - 3 bread rations


   Skills:
 - Level 1.5 Fighting
 + Level 4.6 Short Blades
 + Level 1.3(2.1) Slings
 - Level 2.0(2.1) Throwing
 * Level 7.7 Dodging
 - Level 5.8 Stealth


You had 5 spell levels left.
You didn't know any spells.

Dungeon Overview and Level Annotations

Branches:
Dungeon (5/15)
 Temple: D:4-7

Altars:
Sif Muna
Trog

Annotations:
D:5 Menkaure


Innate Abilities, Weirdness & Mutations

You are tiny and cannot use many weapons and most armour.
You have supernaturally acute eyesight.
You are a herbivore.
You cover ground extremely quickly.
You need consume almost no food.


Message History

You hit Menkaure.
Menkaure is severely damaged.
Menkaure completely misses you.
You barely miss Menkaure.
Menkaure is severely damaged.
Menkaure misses you.
You barely miss Menkaure.
Menkaure is severely damaged.
You barely miss Menkaure.
Menkaure is severely damaged.
Menkaure completely misses you.
You hit Menkaure but do no damage.
Menkaure is severely damaged.
You hit Menkaure.
Menkaure is severely damaged.
Menkaure completely misses you.
You hit Menkaure.
Menkaure is severely damaged.
Menkaure hits you!
You die...

# ####
#..#..###
#...@M#
#........#
#........#
#.[......##
.........#
.........#
........##
........#


You could see Menkaure.

Vanquished Creatures
  Sigmund (D:2)
  Jessica (D:2)
  Robin (D:2)
  6 adders
  3 gnolls (D:3)
  2 oozes
  2 worms
  4 orcs (D:3)
  7 bats
  2 giant cockroaches
  13 goblins
  13 hobgoblins
  10 jackals
  4 giant newts
  7 kobolds
  8 rats
  2 bushes (D:1)
86 creatures vanquished.

Notes
Turn   | Place    | Note
--------------------------------------------------------------
     0 | D:1      | Metrazal the Spriggan Assassin began the quest for the Orb.
     0 | D:1      | Reached XP level 1. HP: 10/10 MP: 2/2
   471 | D:1      | Reached XP level 2. HP: 14/14 MP: 3/3
  1259 | D:1      | Reached XP level 3. HP: 18/18 MP: 4/4
  3183 | D:2      | Reached XP level 4. HP: 22/22 MP: 5/5
  3356 | D:2      | Noticed Jessica
  3389 | D:2      | Killed Jessica
  3389 | D:2      | Reached skill level 5 in Dodging
  3408 | D:2      | Noticed Sigmund
  3815 | D:2      | Found a bloodstained altar of Trog.
  3973 | D:2      | HP: 1/22 [Sigmund/magic dart (3)]
  4014 | D:2      | Killed Sigmund
  4014 | D:2      | Reached skill level 7 in Dodging
  4014 | D:2      | Reached XP level 5. HP: 15/25 MP: 6/6
  4175 | D:2      | Reached XP level 6. HP: 27/30 MP: 7/7
  4209 | D:2      | Noticed Robin
  4371 | D:2      | Killed Robin
  4993 | D:3      | Found a deep blue altar of Sif Muna.
  5071 | D:3      | Reached skill level 1 in Slings
  5491 | D:3      | You fall through a shaft for 2 floors!
  5491 | D:5      | Entered Level 5 of the Dungeon
  5491 | D:5      | Noticed Menkaure
  5511 | D:5      | Slain by Menkaure

Action                   |  1- 3 |  4- 6 || total
-------------------------+-------+-------++-------
Melee: Dagger            |   549 |    64 ||   613
 Fire: Blowgun           |    78 |     3 ||    81
       Hunting sling     |       |    74 ||    74
Throw: Stone             |     9 |   206 ||   215
  Use: Potion            |       |     2 ||     2
 Stab: Sleeping          |    22 |     4 ||    26
       Distracted        |     3 |       ||     3
  Eat: Fruit             |     1 |     2 ||     3
